 Dungeon Crawl Stone Soup version 0.31-a0-986-g5e6e4ef867 (webtiles) character file.

Game seed: 9712181295813567285

80864 strifetoe the Nimble (level 16, -1/118 HPs)
             Began as a Djinni Hedge Wizard on Nov 2, 2023.
             Was a High Priest of Makhleb.
             Killed from afar by a Hell Sentinel (45 damage)
             ... with damnation
             ... on level 3 of the Abyss on Nov 8, 2023.
             The game lasted 01:54:02 (27416 turns).

strifetoe the Nimble (Djinni Hedge Wizard)         Turns: 27416, Time: 01:54:03

Health: -1/118     AC: 11    Str:  9    XL:     16   Next: 16%
Gold:   2277       EV: 19    Int: 29    God:    Makhleb [*****.] SH: 10 Dex: 16

rFire   + + +        I - +5 demon trident
rCold   . . .        M - +0 buckler
rNeg    . . .        F - +2 robe {rC+ rF+}
rPois   ∞            c - +0 hat
rElec   .            l - +2 cloak
rCorr   .            k - +2 pair of gloves "Fetun" {Dex+2}
SInv    .            (boots unavailable)
Will    +....        N - amulet of reflection
Stlth   +++          G - ring of the Mage {Wiz Archmagi}
HPRegen 0.39/turn    t - +6 ring of intelligence
MPRegen 0.00/turn

%: reflection, wizardry (x1), archmagi, infuse magic (-2 HP)
@: flying, studying 2 skills
A: sickness immunity, fire resistance 2, cold vulnerability 1, float, innate
caster, HP casting, extra vitality 1
a: Renounce Religion, Minor Destruction, Lesser Servant of Makhleb, Major
Destruction, Greater Servant of Makhleb


You were on level 3 of the Abyss.
You worshipped Makhleb.
Makhleb was extremely pleased with you.
You visited 3 branches of the dungeon, and saw 20 of its levels.
You visited the Abyss 1 time.
You also visited: Sewer, Gauntlet and Volcano.

You collected 2427 gold pieces.
You spent 150 gold pieces at shops.

Inventory:

Hand Weapons
 q - a +0 trident of flaming
 I - a +5 demon trident (weapon)
 J - a +0 vampiric trident
 Q - the +9 short sword "Hydra's Undoing" {venom, rN+ Int+4 Stlth+}
   (You found it in a Gauntlet)

   Int+4:     It affects your intelligence (+4).
   rN+:       It protects you from negative energy.
   Stlth+:    It makes you more stealthy.
Missiles
 r - 9 silver javelins
 C - 3 throwing nets
Armour
 b - a +3 troll leather armour
 c - a +0 hat (worn)
 k - the +2 pair of gloves "Fetun" (worn) {Dex+2}
   (You found it on level 2 of the Dungeon)

   Dex+2:     It affects your dexterity (+2).
 l - a +2 cloak (worn)
 w - a +0 ring mail of cold resistance
 A - a +3 scale mail of fire resistance
 F - a +2 robe of resistance (worn)
 M - a +0 buckler (worn)
Jewellery
 t - a +6 ring of intelligence (right hand)
 x - a ring of see invisible
 G - the ring of the Mage (left hand) {Wiz Archmagi}
   (You found it on level 5 of the Lair of Beasts)

   [ring of wizardry]

   Wiz:       It improves your spell success rate.
   Archmagi:  It increases the power of your magical spells.
 L - the necklace of Bloodlust {Fury *Rage Will++ Int-3 Slay+6}
   (You took it off Sonja on level 12 of the Dungeon)

   [amulet of nothing]

   Fury:      It extends the wearer's berserk rage when killing foes.
   Int-3:     It affects your intelligence (-3).
   Slay+6:    It affects your accuracy & damage with ranged weapons and melee
   (+6).
   Will++:    It greatly increases your willpower.
   *Rage:     It berserks you when you make melee attacks (+50% chance).
 N - an amulet of reflection (around neck)
Wands
 g - a wand of charming (7)
 h - a wand of digging (11)
 n - a wand of polymorph (5)
 o - a wand of roots (20)
 u - a wand of quicksilver (9)
 y - a wand of flame (3)
 P - a wand of mindburst (8)
Scrolls
 a - 3 scrolls of fog
 f - 6 scrolls of identify
 m - 4 scrolls of immolation
 p - a scroll of fear
 E - 5 scrolls of vulnerability
 H - a scroll of revelation
Potions
 d - 4 potions of curing
 e - a potion of enlightenment
 i - a potion of heal wounds
 j - a potion of lignification
 s - 3 potions of mutation
 v - 4 potions of might
 z - a potion of haste
 B - 2 potions of invisibility
 D - 3 potions of berserk rage
 K - a potion of cancellation


   Skills:
 - Level 12.0 Fighting
 - Level 5.0 Short Blades
 + Level 6.9 Polearms
 - Level 8.0 Armour
 - Level 14.0 Dodging
 - Level 3.9 Stealth
 - Level 5.0 Shields
 - Level 11.3 Spellcasting
 - Level 11.3 Conjurations
 - Level 11.3 Hexes
 - Level 11.3 Summonings
 - Level 11.3 Necromancy
 - Level 11.3 Translocations
 - Level 11.3 Transmutations
 - Level 11.3 Fire Magic
 - Level 11.3 Ice Magic
 - Level 11.3 Air Magic
 - Level 11.3 Earth Magic
 - Level 11.3 Poison Magic
 - Level 9.0 Invocations


You knew the following spells:

 Your Spells              Type           Power      Damage    Failure   Level
a - Magic Dart            Conj           100%       1d8       1%          1
b - Slow                  Hex            100%       N/A       1%          1
c - Blink                 Tloc           100%       N/A       1%          2
d - Call Imp              Summ           100%       N/A       1%          2
e - Mephitic Cloud        Conj/Pois/Air  89%        N/A       1%          3
f - Necrotise             Necr           100%       1d9       1%          1
g - Passwall              Tmut/Erth      74%        N/A       1%          2
h - Tukima's Dance        Hex            89%        N/A       1%          3
i - Summon Ice Beast      Ice/Summ       89%        N/A       1%          4
j - Freezing Cloud        Conj/Ice/Air   44%        6-21      1%          5
k - Metabolic Englaciati  Hex/Ice        44%        N/A       1%          5
l - Starburst             Conj/Fire      44%        6d12      2%          6
Your spell library was empty.

Dungeon Overview and Level Annotations

Branches:
Dungeon (14/15)            Temple (1/1) D:5            Lair (5/5) D:10
  Swamp (0/4) Lair:2       Spider (0/4) Lair:2        Slime (0/5) Lair:4
    Orc (0/2) D:9          Vaults (0/5) D:13          Sewer (visited)
Volcano (visited)         Gauntlet (visited)

Altars:
Ashenzari
Cheibriados
Dithmenos
Elyvilon
Fedhas
Hepliaklqana
Makhleb
Nemelex Xobeh
Qazlal
Ru
Trog
Uskayaw
Wu Jian
Xom
Yredelemnul
Zin
The Shining One
Jiyva
Lugonu

Shops:
D:1 [   D:6 !   D:8 (

Portals:
Abyss: Lair:5

Annotations:
D:4 3 runed translucent doors, Duvessa; Rem's ghost, amateur OpCj; Scrimshaw's ghost, amateur OpFi; bchevrier's ghost, amateur GnWn
D:9 1 runed translucent door, osoart's ghost, novice SpWr
D:14 Louise


Innate Abilities, Weirdness & Mutations

You are immune to sickness and miasma.
You are immune to poison.
Your flesh is very heat resistant. (rF++)
You are vulnerable to cold. (rC-)
You float through the air rather than walking.
You learn spells naturally, not from books.
Your magical power is your life essence.
You have superior vitality. (+4 MHP)


Message History

Aiming: Freezing Cloud (mildly dangerous; 1% risk of failure)
Press: ? - help, Dir - move target You feel a surge of power!
Casting: Freezing Cloud (mildly dangerous; 1% risk of failure)
Confirm with . or Enter, or press ? or * to list all spells.
You can't see any susceptible monsters within range! (Use Z to cast anyway.)
Casting: Freezing Cloud (mildly dangerous; 1% risk of failure)
Confirm with . or Enter, or press ? or * to list all spells.
Okay, then.
Casting: Freezing Cloud (mildly dangerous; 1% risk of failure)
Confirm with . or Enter, or press ? or * to list all spells.
You can't see any susceptible monsters within range! (Use Z to cast anyway.)
You reach to attack!
You hit the Hell Sentinel.
The Hell Sentinel is lightly wounded.
You reach to attack!
You hit the Hell Sentinel.
The Hell Sentinel is lightly wounded.
Your ice beast hits the Hell Sentinel but does no damage.
You hit the Hell Sentinel but do no damage.
The Hell Sentinel is lightly wounded.
You block the Hell Sentinel's attack. x2
Your ice beast hits the Hell Sentinel but does no damage.
You hit the Hell Sentinel but do no damage.
The Hell Sentinel is lightly wounded.
Your ice beast hits the Hell Sentinel but does no damage.
The Hell Sentinel gestures at you.
The sphere of damnation explodes!
The damnation engulfs you!!!
The damnation engulfs the Hell Sentinel.
The Hell Sentinel completely resists.
The damnation engulfs your ice beast!
You hear a shout!
You hit the Hell Sentinel but do no damage.
The Hell Sentinel is lightly wounded.
Your ice beast hits the Hell Sentinel but does no damage.
The Hell Sentinel hits you. The Hell Sentinel hits you!
Unknown command.
You hit the Hell Sentinel but do no damage.
The Hell Sentinel is lightly wounded.
Your ice beast hits the Hell Sentinel but does no damage.
The Hell Sentinel gestures at you.
The sphere of damnation explodes!
The damnation engulfs you!!!
You die...

. ... ~..# # #
.#.... ... ...
#.### ## ...... .
.
.....###.#..##..#
.. .####..##...
## .##.. . .
##.#.#...........
. ............ ..
.... ... .## #
##.####.. ...#
#.#.#..@.## .# ..
..
#......1Y.......
.
#.#.##.§#........
..#...§☼.##..##..
. .#..##§.# .#
.... #§.... ...
... .§§........
.##..##§.## . #..
#. #..# . #


You could see a Hell Sentinel (ally target) and a friendly ice beast (summoned).

Vanquished Creatures
  Rupert (Lair:5)
  A minotaur (Gauntlet)
  A centaur warrior (D:13)
  A two-headed ogre (D:12)
  3 boulder beetles
  3 death yaks
  A hell knight (Volcano)
  A thrashing horror (Lair:5)
  Urug (D:13)
  Sonja (D:12)
  4 lindwurms (Lair:5)
  An arcanist (Gauntlet)
  2 spriggan druids
  2 slime creatures (D:12)
  3 deep elf pyromancers (D:12)
  7 ugly things
  A cyclops (D:12)
  3 manticores
  9 elephants
  4 black mambas
  A molten gargoyle (Volcano)
  A gargoyle (D:11)
  2 kobold demonologists
  7 cane toads
  3 unseen horrors
  A tengu conjurer (D:12)
  6 komodo dragons
  A red devil (Volcano)
  A troll (shapeshifter) (Lair:5)
  2 trolls
  2 raiju (Lair:5)
  3 meliai (D:13)
  2 polar bears
  2 hornets
  19 blink frogs
  3 dream sheep (Lair:5)
  A culicivora (Lair:1)
  2 vampires (D:11)
  A shadow (D:13)
  A wyvern (Lair:4)
  A ynoxinul (Lair:5)
  3 basilisks
  A fire bat (Volcano)
  28 yaks
  A chaos spawn (Lair:5)
  9 vampire mosquitoes
  2 dancing weapons (D:4)
  A warg (D:10)
  2 hell hounds
  8 water moccasins
  2 large abominations (Lair:5)
  2 orc warriors
  3 wolves
  An ogre (D:5)
  10 centaurs
  A kobold brigand (D:13)
  2 gnoll sergeants
  8 small abominations (Lair:5)
  10 bullfrogs
  3 scorpions
  2 wights
  Dowan (D:4)
  6 killer bees (D:10)
  An electric eel (Lair:3)
  3 howler monkeys
  3 lava snakes (Volcano)
  2 hounds (D:4)
  2 jellies
  2 orc priests
  A gnoll bouda (D:10)
  2 sleepcaps
  11 orc wizards
  8 adders
  10 gnolls
  3 river rats (Sewer)
  A shadow imp (Gauntlet)
  5 white imps
  A dart slug (D:1)
  15 orcs
  11 bats
  7 endoplasms
  4 giant cockroaches
  5 goblins
  8 hobgoblins
  6 jackals
  15 kobolds
  5 quokkas
  16 ball pythons
  4 frilled lizards
  4 rats
373 creatures vanquished.

Vanquished Creatures (collateral kills)
  An ironbound preserver (D:13)
  An entropy weaver (D:13)
  2 hydras
  2 centaur warriors (D:13)
  A boulder beetle (D:13)
  2 two-headed ogres
  2 death yaks
  A tengu warrior (D:12)
  A thrashing horror (Lair:5)
  A sun demon (Volcano)
  2 skysharks (Lair:5)
  A slime creature (D:13)
  An orc knight (D:13)
  2 cyclopes
  An oklob plant (Lair:4)
  2 ugly things (Lair:5)
  13 elephants
  A black mamba (Lair:5)
  A gargoyle (D:12)
  A molten gargoyle (Volcano)
  5 cane toads
  2 rime drakes (Lair:5)
  A red devil (Volcano)
  2 trolls (D:12)
  A glass eye (shapeshifter) (D:12)
  A dream sheep (Lair:5)
  10 blink frogs
  2 flying skulls (Gauntlet)
  A culicivora (Lair:1)
  26 yaks
  A wyvern (Lair:1)
  A ynoxinul (Lair:5)
  A fire bat (Volcano)
  3 vampire mosquitoes
  5 basilisks
  A steam dragon (D:5)
  A chaos spawn (Lair:5)
  An acid dragon (D:11)
  Edmund (D:4)
  A warg (D:10)
  6 water moccasins
  A sky beast (D:7)
  5 orc warriors
  2 black bears
  An ice beast (D:7)
  2 ogres (D:6)
  5 wolves
  4 centaurs
  4 small abominations (Lair:5)
  A phantom (D:4)
  3 kobold brigands
  3 bullfrogs
  A scorpion (D:4)
  9 wights
  3 killer bees (D:10)
  2 howler monkeys
  6 orc priests
  5 orc wizards
  A sleepcap (D:3)
  2 iguanas (D:5)
  8 gnolls
  4 adders (Sewer)
  4 river rats
  2 worms
  6 orcs
  2 ball pythons (Sewer)
  An endoplasm (D:3)
  A giant cockroach (D:6)
  2 hobgoblins
  2 jackals (Sewer)
  6 kobolds
  A rat (D:2)
211 creatures vanquished.

Vanquished Creatures (others)
  8 dancing weapons
  An orc wizard (D:6)
9 creatures vanquished.

Grand Total: 593 creatures vanquished

Notes
Turn   | Place    | Note
-------+----------+-------------------------------------------
     0 | D:1      | strifetoe the Djinni Hedge Wizard began the quest for the
                  | Orb.
     0 | D:1      | strifetoe set off with the following spells memorised:
                  | Magic Dart, Slow, Blink, Call Imp, Mephitic Cloud.
     0 | D:1      | Reached XP level 1. HP: 15/15 MP: 0/0
   105 | D:1      | Found Fomm's Armour Emporium.
   122 | D:1      | Reached XP level 2. HP: 21/22 MP: 0/0
   284 | D:1      | Reached skill level 1 in Fighting
   387 | D:1      | Reached XP level 3. HP: 26/27 MP: 0/0
   387 | D:1      | Learned a level 1 spell: Necrotise
  1189 | D:2      | Found a faded altar of an unknown god.
  1204 | D:2      | Reached XP level 4. HP: 27/32 MP: 0/0
  1239 | D:2      | Identified the +2 pair of gloves "Fetun" {Dex+2}
  1783 | D:3      | Reached XP level 5. HP: 34/38 MP: 0/0
  1783 | D:3      | Learned a level 2 spell: Passwall
  2171 | D:3      | Reached XP level 6. HP: 44/45 MP: 0/0
  3076 | D:4      | Noticed Edmund
  3083 | D:4      | Reached XP level 7. HP: 46/50 MP: 0/0
  3083 | D:4      | Learned a level 3 spell: Tukima's Dance
  3372 | D:4      | Reached skill level 3 in Dodging
  3401 | D:4      | Found a runed translucent gate.
  3401 | D:4      | Found a runed translucent gate.
  3401 | D:4      | Found a runed translucent gate.
  3402 | D:4      | Noticed bchevrier's ghost (amateur GnWn)
  3402 | D:4      | Noticed Rem's ghost (amateur OpCj)
  3403 | D:4      | Noticed Scrimshaw's ghost (amateur OpFi)
  3465 | D:4      | Killed Edmund
  3466 | D:4      | Reached skill level 5 in Spellcasting
  3466 | D:4      | Reached skill level 5 in Conjurations
  3466 | D:4      | Reached skill level 5 in Hexes
  3466 | D:4      | Reached skill level 5 in Summonings
  3466 | D:4      | Reached skill level 5 in Necromancy
  3466 | D:4      | Reached skill level 5 in Translocations
  3466 | D:4      | Reached skill level 5 in Transmutations
  3466 | D:4      | Reached skill level 5 in Fire Magic
  3466 | D:4      | Reached skill level 5 in Ice Magic
  3466 | D:4      | Reached skill level 5 in Air Magic
  3466 | D:4      | Reached skill level 5 in Earth Magic
  3466 | D:4      | Reached skill level 5 in Poison Magic
  4027 | D:4      | Noticed Dowan
  4028 | D:4      | Noticed Duvessa
  4065 | D:4      | Killed Dowan
  4066 | D:4      | Reached skill level 4 in Dodging
  4157 | D:5      | Entered Level 5 of the Dungeon
  4267 | D:4      | Reached XP level 8. HP: 40/58 MP: 0/0
  4560 | D:4      | Reached skill level 5 in Fighting
  5160 | D:5      | Found a staircase to the Ecumenical Temple.
  5182 | Temple   | Entered the Ecumenical Temple
  5193 | Temple   | Became a worshipper of Makhleb the Destroyer
  5342 | D:5      | Reached skill level 5 in Dodging
  5836 | D:5      | Found a bloodstained altar of Trog.
  6329 | D:6      | Reached XP level 9. HP: 62/66 MP: 0/0
  6329 | D:6      | Learned a level 4 spell: Summon Ice Beast
  6329 | D:6      | Found Oqeg's Distillery.
  6339 | D:6      | Bought 2 potions of heal wounds for 150 gold pieces
  6390 | D:6      | Reached skill level 6 in Dodging
  6597 | D:6      | Found a glowing drain.
  6608 | Sewer    | Entered a sewer
  6825 | Sewer    | Reached * piety under Makhleb
  7946 | D:6      | Reached skill level 7 in Dodging
  8173 | D:6      | Reached XP level 10. HP: 68/76 MP: 0/0
  8397 | D:7      | Reached skill level 8 in Dodging
  9080 | D:7      | Reached ** piety under Makhleb
  9172 | D:7      | Found a shadowy altar of Dithmenos.
  9175 | D:7      | Found a sparkling altar of Nemelex Xobeh.
  9178 | D:7      | Found a stormy altar of Qazlal.
  9846 | D:8      | Reached skill level 1 in Invocations
  9866 | D:8      | Reached skill level 9 in Dodging
 10232 | D:8      | Noticed a two-headed ogre
 10238 | D:8      | Killed a two-headed ogre
 10627 | D:8      | Found Mitweuz's Weapon Shop.
 11137 | D:9      | Reached XP level 11. HP: 69/84 MP: 0/0
 11137 | D:9      | Learned a level 5 spell: Freezing Cloud
 11285 | D:9      | Noticed a cyclops
 11298 | D:9      | Killed a cyclops
 11299 | D:9      | Reached skill level 1 in Polearms
 11299 | D:9      | Reached skill level 1 in Armour
 11360 | D:9      | Found a runed translucent door.
 11360 | D:9      | Noticed osoart's ghost (novice SpWr)
 11516 | D:9      | Found a staircase to the Orcish Mines.
 12580 | D:10     | Entered Level 10 of the Dungeon
 12756 | D:10     | Found a staircase to the Lair.
 12771 | D:10     | Noticed a two-headed ogre
 12780 | D:10     | Killed a two-headed ogre
 12891 | D:10     | Reached *** piety under Makhleb
 14279 | D:11     | Reached skill level 10 in Dodging
 14415 | D:11     | Reached skill level 5 in Armour
 14523 | D:12     | Noticed a manticore
 15235 | D:12     | Noticed a deep elf pyromancer
 15239 | D:12     | Killed a deep elf pyromancer
 15414 | D:12     | Reached XP level 12. HP: 84/89 MP: 0/0
 15453 | D:12     | Found a glowing golden altar of the Shining One.
 15475 | D:12     | Reached skill level 11 in Dodging
 15608 | D:12     | Reached **** piety under Makhleb
 15812 | D:12     | Noticed a two-headed ogre
 15835 | D:12     | Killed a two-headed ogre
 15942 | Lair:1   | Entered Level 1 of the Lair of Beasts
 15958 | Lair:1   | You are sucked into a shaft and drop 1 floor!
 15958 | Lair:2   | Noticed a five-headed hydra
 15965 | Lair:2   | Killed a five-headed hydra
 15966 | Lair:2   | Reached skill level 1 in Shields
 15970 | Lair:2   | Noticed a boulder beetle
 15994 | Lair:2   | Killed a boulder beetle
 16009 | Lair:2   | Found a gate leading to a gauntlet.
 16023 | Gauntlet | Entered a Gauntlet
 16023 | Gauntlet | Found a transporter.
 16023 | Gauntlet | Found a transporter.
 16026 | Gauntlet | Found a transporter.
 16030 | Gauntlet | Found a transporter.
 16030 | Gauntlet | Found a transporter.
 16053 | Gauntlet | Found a transporter.
 16066 | Gauntlet | Found a transporter.
 16069 | Gauntlet | Found a transporter.
 16074 | Gauntlet | Noticed a blizzard demon
 16077 | Gauntlet | Found a transporter.
 16091 | Gauntlet | Noticed a death yak
 16092 | Gauntlet | Found a runed translucent door.
 16092 | Gauntlet | Noticed a death yak
 16092 | Gauntlet | Noticed a death yak
 16094 | Gauntlet | Found a transporter.
 16096 | Gauntlet | Found a runed translucent door.
 16110 | Gauntlet | Found a transporter.
 16114 | Gauntlet | Found a transporter.
 16488 | Gauntlet | Killed a death yak
 16494 | Gauntlet | Killed a death yak
 16637 | Gauntlet | Noticed a minotaur
 16653 | Gauntlet | Killed a minotaur
 16654 | Gauntlet | Reached skill level 5 in Shields
 16693 | Gauntlet | Identified the +9 short sword "Hydra's Undoing" {venom, rN+
                  | Int+4 Stlth+}
 16734 | Lair:1   | Reached XP level 13. HP: 94/94 MP: 0/0
 16734 | Lair:1   | Learned a level 5 spell: Metabolic Englaciation
 16834 | Lair:1   | Identified a scroll of acquirement
 16834 | Lair:1   | Acquired 562 gold pieces
 17100 | Lair:1   | Reached skill level 10 in Fighting
 17360 | Lair:1   | Reached ***** piety under Makhleb
 17624 | Lair:2   | Identified the +9 mace of the Stork {antimagic, rF+ Str+3}
 17661 | Lair:2   | Reached skill level 10 in Spellcasting
 17661 | Lair:2   | Reached skill level 10 in Conjurations
 17661 | Lair:2   | Reached skill level 10 in Hexes
 17661 | Lair:2   | Reached skill level 10 in Summonings
 17661 | Lair:2   | Reached skill level 10 in Necromancy
 17661 | Lair:2   | Reached skill level 10 in Translocations
 17661 | Lair:2   | Reached skill level 10 in Transmutations
 17661 | Lair:2   | Reached skill level 10 in Fire Magic
 17661 | Lair:2   | Reached skill level 10 in Ice Magic
 17661 | Lair:2   | Reached skill level 10 in Air Magic
 17661 | Lair:2   | Reached skill level 10 in Earth Magic
 17661 | Lair:2   | Reached skill level 10 in Poison Magic
 18342 | Lair:2   | Found a hole to the Spider Nest.
 18515 | Lair:2   | Found a staircase to the Swamp.
 19284 | Lair:3   | Reached XP level 14. HP: 104/106 MP: 0/0
 19529 | Lair:4   | Found a viscous altar of Jiyva.
 19529 | Lair:4   | Found a staircase to the Slime Pits.
 19596 | Lair:4   | Found a white marble altar of Elyvilon.
 19686 | Lair:4   | Identified the +1 robe "Ylohorog" {Rampage rElec}
 19868 | Lair:4   | Reached skill level 12 in Dodging
 20361 | Lair:5   | Entered Level 5 of the Lair of Beasts
 20384 | Lair:5   | Found a dark tunnel.
 20400 | Volcano  | Entered a volcano
 20755 | Volcano  | Found a burning altar of Makhleb.
 20998 | Volcano  | Reached skill level 5 in Polearms
 21161 | Lair:5   | Reached skill level 5 in Invocations
 21285 | Lair:5   | Noticed Rupert
 21286 | Lair:5   | Paralysed by Rupert for 2 turns
 21303 | Lair:5   | Found the ring of the Mage {Wiz Archmagi}
 21306 | Lair:5   | Killed Rupert
 21462 | Lair:5   | Reached skill level 13 in Dodging
 21754 | Lair:5   | Reached XP level 15. HP: 110/112 MP: 0/0
 21754 | Lair:5   | Learned a level 6 spell: Starburst
 22110 | Lair:5   | Reached skill level 1 in Short Blades
 23076 | Lair:5   | Found a corrupted altar of Lugonu.
 23076 | Lair:5   | Found a one-way gate to the infinite horrors of the Abyss.
 23135 | Lair:5   | Reached skill level 14 in Dodging
 23231 | Lair:5   | Reached skill level 5 in Short Blades
 23520 | Lair:5   | Upgraded the game from 0.31-a0-983-g7b6862f502 to
                  | 0.31-a0-986-g5e6e4ef867
 23924 | D:12     | Noticed Sonja
 23932 | D:12     | Killed Sonja
 25430 | D:13     | Noticed an ironbound preserver
 25444 | D:13     | Found a gate to the Vaults.
 25445 | D:13     | Killed an ironbound preserver
 25795 | D:13     | Noticed Urug
 25845 | D:13     | Killed Urug
 26220 | D:13     | Reached XP level 16. HP: 98/118 MP: 0/0
 27379 | D:14     | Noticed Louise
 27381 | Abyss:3  | Cast into level 3 of the Abyss (Louise)
 27400 | Abyss:3  | Noticed a Hell Sentinel
 27416 | Abyss:3  | Killed from afar by a Hell Sentinel

Illustrated notes

Levels and vault maps discovered:
D:1:      amcnicky_arrival_abandoned_market, layout_loops_ring, serial_shops,
          shop
D:2:      layout_rooms, hellmonk_ecumenical_altar_heavens_door
D:3:      layout_loops_ring, hellmonk_no_cap
D:4:      layout_basic, gammafunk_ghost_cemetery, minmay_misc_feat_columns,
          uniq_edmund, uniq_duvessa
D:5:      layout_gridville, nicolae_overflow_hidden_temple,
          minmay_temple_entry_glassed_door, minmay_manual_mares
D:6:      layout_basic, serial_shops, shop, gup_sewer_entry_bubbles,
          nicolae_eternal_life
D:7:      nicolae_cairo_tiling, layout_basic, grunt_temple_overflow_diamond,
          dreamdust_princess_corridor
D:8:      layout_gridville, serial_shops, nicolae_shop_scrapyard,
          grunt_ministairs_11
D:9:      layout_layer_cave, orc_0_dummy, gammafunk_ghost_grave
D:10:     layout_big_octagon, erik_lair_orcish_takeover,
          kennysheep_generic_room_14
D:11:     layout_cave_pools, serial_column_ruins, column_ruins_hut,
          column_ruins_columns_T, column_ruins_grid_1, column_ruins_open_tiny,
          column_ruins_open_large, column_ruins_columns_water,
          column_ruins_corridor_straight, column_ruins_open_small_water
D:12:     minmay_complete_graph, layout_rooms, nicolae_tso_carved_into_rock,
          uniq_sonja
D:13:     layout_gridville, hellmonk_vaults_order_and_chaos, uniq_urug
D:14:     layout_loops_ring, chequers_serial_rivers_room_a,
          minmay_rotating_lava, uniq_louise, uniq_jorgrun
Temple:   nicolae_temple_two_arcs
Lair:1:   layout_hall_layers, grunt_megastairs_5, lemuel_fruit_tree
Lair:2:   layout_cave_shapes, mainiacjoe_swamp_entry_angry_trees,
          spider_nest_entry_funnel_web, gauntlet_entry_generic
Lair:3:   layout_gridlike, chequers_serial_rivers_micro_d, lemuel_fruit_fields,
          serial_bayou_shore_a
Lair:4:   layout_roguey, slime_entry_1, basic_altar
Lair:5:   hellmonk_lair_end_abyssal_woods, layout_regular_city, enter_volcano_1,
          st_stairs_8, serial_bayou_pond_e, minmay_lindwurm_lava,
          serial_bayou_shore_b, uniq_rupert
Abyss:3:  base: D:10, abyss_exit_lava, serial_sigils_hangedman_snap

Skill      XL: |  1  2  3  4  5  6  7  8  9 10 11 12 13 14 15 16 |
---------------+-------------------------------------------------+-----
Spellcasting   | 3 4 5 6 7 9 10 11 | 11.3
Conjurations   | 3 4 5 6 7 9 10 11 | 11.3
Hexes          | 3 4 5 6 7 9 10 11 | 11.3
Summonings     | 3 4 5 6 7 9 10 11 | 11.3
Necromancy     | 3 4 5 6 7 9 10 11 | 11.3
Translocations | 3 4 5 6 7 9 10 11 | 11.3
Transmutations | 3 4 5 6 7 9 10 11 | 11.3
Fire Magic     | 3 4 5 6 7 9 10 11 | 11.3
Ice Magic      | 3 4 5 6 7 9 10 11 | 11.3
Air Magic      | 3 4 5 6 7 9 10 11 | 11.3
Earth Magic    | 3 4 5 6 7 9 10 11 | 11.3
Poison Magic   | 3 4 5 6 7 9 10 11 | 11.3
Fighting       | 1 2 3 4 6 7 9 11 12 | 12.0
Dodging        | 4 5 7 9 10 11 13 14 | 14.0
Invocations    | 3 6 8 9 |  9.0
Stealth        | 2 3 |  3.9
Polearms       | 3 6 |  6.9
Armour         | 5 6 7 8 |  8.0
Shields        | 5 |  5.0
Short Blades   | 5 |  5.0

Action                     |  1- 3 |  4- 6 |  7- 9 | 10-12 | 13-15 | 16-18 || total
---------------------------+-------+-------+-------+-------+-------+-------++-------
  Melee: Dagger            |     4 |    15 |   107 |    50 |       |       ||   176
         Punch             |       |       |     3 |     4 |       |       ||     7
         Spear             |       |       |       |   107 |       |       ||   107
         Trident           |       |       |       |   119 |   520 |       ||   639
         Short sword       |       |       |       |     2 |    54 |       ||    56
         Demon trident     |       |       |       |       |    39 |    48 ||    87
   Cast: Magic Dart        |    75 |    85 |   234 |    80 |    21 |       ||   495
         Call Imp          |     3 |    15 |    17 |       |     1 |       ||    36
         Mephitic Cloud    |       |    10 |    53 |    59 |     2 |       ||   124
         Blink             |       |     2 |     1 |     6 |    18 |       ||    27
         Tukima's Dance    |       |       |     7 |    29 |     2 |     3 ||    41
         Necrotise         |       |       |     2 |       |     2 |       ||     4
         Summon Ice Beast  |       |       |    16 |    79 |    94 |     9 ||   198
         Freezing Cloud    |       |       |       |    41 |   149 |    14 ||   204
         Metabolic Englaci |       |       |       |       |    21 |       ||    21
         Slow              |       |       |       |       |     2 |       ||     2
         Starburst         |       |       |       |       |    14 |       ||    14
 Invoke: Lesser Servant of |       |       |       |     2 |    20 |       ||    22
  Evoke: Wand              |       |       |       |     4 |     6 |       ||    10
    Use: Scroll            |       |     7 |     7 |     6 |    15 |     1 ||    36
         Potion            |       |     1 |       |    10 |     7 |       ||    18
   Stab: Sleeping          |     1 |       |       |       |       |       ||     1
         Distracted        |       |     1 |       |     4 |     8 |       ||    13
         Confused          |       |       |    13 |     9 |       |       ||    22
 Armour: Robe              |     7 |    25 |   111 |   207 |   114 |    24 ||   488
         Troll leather arm |       |       |       |    77 |   356 |       ||   433
  Dodge: Dodged            |     8 |    30 |   137 |   345 |   523 |    22 ||  1065
  Block: Buckler           |       |       |       |       |   209 |    26 ||   235
         Reflection        |       |       |       |       |     7 |     7 ||    14

Table legend: (Time is in decaauts)
 A = Elapsed time spent in this place.
 B = Non-inter-level travel time spent in this place.
 C = Inter-level travel time spent in this place.
 D = Time resting spent in this place.
 E = Time spent auto-exploring this place.
 F = Levels seen in this place.
 G = Mean time per level.
                   A        B        C        D        E       F      G
               +--------+--------+--------+--------+--------+-----+--------+
         Total |  27499 |  26950 |    549 |   7940 |  11801 |  24 | 1145.8 |
       Dungeon |  19041 |  18653 |    388 |   6358 |   8389 |  14 | 1360.1 |
        Temple |     20 |     20 |      0 |      0 |      0 |   1 |   20.0 |
          Lair |   6307 |   6146 |    161 |    968 |   2930 |   5 | 1261.4 |
         Abyss |     34 |     34 |      0 |      4 |      0 |   1 |   34.0 |
         Sewer |    689 |    689 |      0 |     63 |    473 |   1 |  689.0 |
       Volcano |    743 |    743 |      0 |    307 |      9 |   1 |  743.0 |
      Gauntlet |    662 |    662 |      0 |    239 |      0 |   1 |  662.0 |
               +--------+--------+--------+--------+--------+-----+--------+

Top non-repeatable levels by time:
  Lair:5: 2419 daAuts
    D:12: 2068 daAuts
     D:4: 2043 daAuts
    D:10: 1730 daAuts
    D:13: 1680 daAuts
     D:6: 1530 daAuts
     D:7: 1494 daAuts
     D:8: 1452 daAuts
    D:11: 1313 daAuts
     D:9: 1299 daAuts
  Lair:1: 1268 daAuts
     D:3: 1264 daAuts
     D:5: 1001 daAuts
  Lair:4: 965 daAuts
     D:1: 933 daAuts
